 Dungeon Crawl Stone Soup version 0.29-a0-994-gc5c9f59d18 (webtiles) character file.

Game seed: 18422630550925868799

1264 vurker the Cutter (level 8, -9/43 HPs)
             Began as a Vine Stalker Enchanter on Aug 3, 2022.
             Mangled by an orc warrior
             ... wielding a +0 glaive
              (16 damage)
             ... on level 6 of the Dungeon.
             The game lasted 00:08:03 (5332 turns).

vurker the Cutter (Vine Stalker Enchanter)          Turns: 5332, Time: 00:08:03

Health: -9/43      AC:  8    Str: 14    XL:     8   Next: 52%
Magic:  0/21       EV: 12    Int: 15    God:
Gold:   373        SH:  5    Dex: 14    Spells: 11/11 levels left

rFire   . . .      SeeInvis .   i - +0 dagger (venom)
rCold   . . .      Faith    .   (no shield)
rNeg    . . .      Spirit   +   b - +0 robe
rPois   .          Reflect  +   g - +0 helmet
rElec   .          Harm     .   (no cloak)
rCorr   .          Rampage  .   h - +0 pair of gloves
Will    +....                   (no boots)
Stlth   ++........              q - amulet of reflection
HPRegen 0.94/turn               p - ring of magical power
MPRegen 0.17/turn               m - +4 ring of protection

@: no status effects
A: fangs 3, regeneration 1, magic shield, antimagic bite, no potion heal 2
a: no special abilities


You were on level 6 of the Dungeon.
You visited 1 branch of the dungeon, and saw 6 of its levels.

You collected 373 gold pieces.

Inventory:

Hand Weapons
 i - a +0 dagger of venom (weapon)
   (You took it off an orc wizard on level 5 of the Dungeon)
Armour
 b - a +0 robe (worn)
 g - a +0 helmet (worn)
   (You found it on level 3 of the Dungeon)
 h - a +0 pair of gloves (worn)
   (You found it on level 1 of the Dungeon)
Jewellery
 m - a +4 ring of protection (right hand)
   (You found it on level 4 of the Dungeon)
 p - a ring of magical power (left hand)
   (You found it on level 3 of the Dungeon)
 q - an amulet of reflection (around neck)
   (You found it on level 3 of the Dungeon)
Wands
 o - a wand of mindburst (21)
   (You found it on level 6 of the Dungeon)
 u - a wand of paralysis (6)
   (You found it on level 5 of the Dungeon)
Scrolls
 e - a scroll of identify
 k - 2 scrolls of enchant weapon
Potions
 a - a potion of flight {unknown}
 c - 3 potions of invisibility
 d - a potion of might
 j - a potion of cancellation
 l - 2 potions of lignification
 n - 2 potions of magic


   Skills:
 + Level 5.1 Fighting
 * Level 7.5 Short Blades
 - Level 1.5 Dodging
 - Level 3.6 Stealth
 - Level 2.1 Spellcasting
 - Level 3.0 Hexes


You had 11 spell levels left.
You didn't know any spells.
Your spell library contained the following spells:

 Spells                   Type           Power      Damage    Failure   Level
 Ensorcelled Hibernation  Hex/Ice        12%        N/A       19%         2
 Confusing Touch          Hex            10%        N/A       19%         3
 Tukima's Dance           Hex            10%        N/A       19%         3
 Magic Dart               Conj           4%         1d3       22%         1
 Call Imp                 Summ           1%         N/A       32%         2
 Dazzling Flash           Conj/Hex       12%        N/A       34%         3
 Portal Projectile        Hex/Tloc       12%        N/A       34%         3
 Call Canine Familiar     Summ           1%         N/A       54%         3
 Mephitic Cloud           Conj/Pois/Air  1%         N/A       54%         3
 Leda's Liquefaction      Hex/Erth       3%         N/A       75%         4
 Conjure Ball Lightning   Conj/Air       0%         3x3d6     100%        6
 Discord                  Hex            5%         N/A       100%        8
 Disjunction              Tloc           0%         N/A       100%        8


Dungeon Overview and Level Annotations

Branches:
Dungeon (6/15)
 Temple: D:4-7

Altars:
Dithmenos

Shops:
D:2 [


Innate Abilities, Weirdness & Mutations

You have razor-sharp teeth.
Your natural rate of healing is unusually fast.
When hurt, damage is shared between your health and your magic reserves.
Your bite disrupts and absorbs the magic of your enemies.
Potions cannot restore your health.


Message History

The ice beast looks as sick as possible!
You bite the ice beast. You drain its power.
You feel invigorated. You block the ice beast's attack.
The orc warrior hits you from afar with a +0 glaive!
You hit the ice beast but do no damage.
You bite the ice beast, but do no damage.
The orc warrior hits you from afar with a +0 glaive!
The ice beast hits you. The ice beast freezes you!
* * * LOW HITPOINT WARNING * * *
The ice beast attacks as you move away!
The ice beast hits you but does no damage.
The ice beast attacks as you move away!
The ice beast hits you but does no damage.
The ice beast attacks as you move away! The ice beast hits you.
* * * LOW HITPOINT WARNING * * *
The ice beast freezes you!
* * * LOW HITPOINT WARNING * * *
An ogre comes into view. It is wielding a +0 giant club.
The ice beast attacks as you move away!
The ice beast hits you but does no damage.
The orc wizard gestures at you while chanting.
You easily resist.
Okay, then.
You hit the ice beast but do no damage. Your bite misses the ice beast.
You closely miss the ice beast. You bite the ice beast.
You kill the ice beast!
The orc wizard points at you and mumbles some strange words.
The magic dart hits you!
* * * LOW HITPOINT WARNING * * *
Your Fighting skill increases to level 5!
The orc warrior hits you from afar with a +0 glaive!
* * * LOW HITPOINT WARNING * * *
The orc wizard gestures wildly while chanting.
The orc wizard flickers and vanishes!
Deactivating autopickup; reactivate with Ctrl-A.
You hit the orc but do no damage.
The orc is poisoned.
Your bite misses the orc.
A hound comes into view.
You hit the orc but do no damage. Your punch misses the orc. You bite the orc!
You kill the orc!
You block the orc warrior's attack.
You miss something. Your punch misses something.
The sentinel's mark upon you fades away.
You block the ogre's attack.
You hear some strange, mumbled words.
A magic dart appears from out of thin air!
The magic dart hits you!
* * * LOW HITPOINT WARNING * * *
The orc warrior hits you from afar with a +0 glaive!!
You die...

####.#oo....?#
#.....Y......#########
#.##.#...............###
##.##.........#.#o......#
#.............#.#.#.#...#
#..###........#.#o......#
###..###.########.#.......#
#........# ######.#..#....#
#.#.#.#..#
#.@{....h......####
#.#.#.#..#
#..O..##......###..
#.#......#
#.o#......#.....[..
#.##.##.##
#.....#####.#####..
#.##.##(# #.....# #..# ###
#.......# #######
##.#O..... ####.####
##.###.#### #.# #s## #.###
#.# ### ##.## .##..


You could see an orc warrior, an ogre and a hound.

Vanquished Creatures
  Grinder (D:4)
  A wyvern (D:6)
  An ice beast (D:6)
  An ogre (D:5)
  A phantom (D:5)
  A kobold brigand (D:6)
  2 scorpions
  A howler monkey (D:5)
  2 orc priests
  3 iguanas
  5 orc wizards
  6 adders
  2 white imps
  2 dart slugs
  16 orcs
  6 bats
  9 endoplasms
  4 giant cockroaches
  5 goblins
  2 hobgoblins
  7 jackals
  10 kobolds
  3 quokkas
  6 ball pythons
  5 frilled lizards
  4 rats
106 creatures vanquished.

Notes
Turn   | Place    | Note
-------+----------+-------------------------------------------
     0 | D:1      | vurker the Vine Stalker Enchanter began the quest for the
                  | Orb.
     0 | D:1      | Reached XP level 1. HP: 9/9 MP: 4/4
    17 | D:1      | Reached skill level 1 in Short Blades
   409 | D:1      | Reached XP level 2. HP: 14/14 MP: 6/6
   988 | D:1      | Reached skill level 2 in Short Blades
  1051 | D:1      | Reached skill level 1 in Fighting
  1277 | D:2      | Reached XP level 3. HP: 17/18 MP: 7/7
  1318 | D:2      | Found Qeaninuz's Armour Shoppe.
  1320 | D:2      | Found a shadowy altar of Dithmenos.
  2700 | D:3      | Gained mutation: Your natural rate of healing is unusually
                  | fast. [Vine Stalker growth]
  2700 | D:3      | Reached XP level 4. HP: 10/22 MP: 8/8
  2820 | D:3      | Reached skill level 3 in Short Blades
  3447 | D:4      | Noticed Grinder
  3447 | D:4      | Noticed a scorpion
  3516 | D:4      | Reached XP level 5. HP: 9/26 MP: 5/9
  3671 | D:4      | Killed Grinder
  3672 | D:4      | Reached skill level 4 in Short Blades
  3672 | D:4      | Reached XP level 6. HP: 15/32 MP: 10/10
  3712 | D:4      | Reached skill level 5 in Short Blades
  3712 | D:4      | Reached XP level 7. HP: 36/36 MP: 11/11
  3831 | D:5      | Entered Level 5 of the Dungeon
  4748 | D:6      | Reached skill level 6 in Short Blades
  4887 | D:5      | Gained mutation: You have razor-sharp teeth. [Vine Stalker
                  | growth]
  4887 | D:5      | Reached XP level 8. HP: 24/42 MP: 12/12
  4938 | D:6      | Noticed a wyvern
  4950 | D:6      | Killed a wyvern
  4951 | D:6      | Reached skill level 7 in Short Blades
  5326 | D:6      | Reached skill level 5 in Fighting
  5332 | D:6      | Mangled by an orc warrior

Illustrated notes

Levels and vault maps discovered:
D:1:      psy_arrival_dodecagon, layout_basic, minmay_cupped
D:2:      layout_basic, serial_shops, nicolae_shop_trees, basic_altar
D:3:      layout_rooms, kennysheep_generic_room_12
D:4:      layout_rooms, uniq_grinder
D:5:      layout_basic
D:6:      layout_loops_cross, glass_columns_a

Skill      XL: |  1  2  3  4  5  6  7  8 |
---------------+-------------------------+-----
Short Blades   | 1 2 3 4 5 6 7 |  7.5
Fighting       | 1 2 3 4 5 |  5.1
Dodging        | |  1.5
Stealth        | |  3.6
Spellcasting   | |  2.1
Hexes          | |  3.0

Action                   |  1- 3 |  4- 6 |  7- 9 || total
-------------------------+-------+-------+-------++-------
Melee: Dagger            |   128 |   168 |   253 ||   549
       Bite              |    26 |    41 |    74 ||   141
       Punch             |       |     1 |     3 ||     4
  Use: Scroll            |     9 |       |     7 ||    16
       Potion            |       |     1 |       ||     1
 Stab: Sleeping          |    11 |     3 |     1 ||    15
Armor: Robe              |    14 |    27 |    54 ||    95
Dodge: Dodged            |    76 |    61 |    75 ||   212
Block: Other             |     4 |    29 |    40 ||    73
       Reflection        |       |       |     1 ||     1

Table legend: (Time is in decaauts)
 A = Elapsed time spent in this place.
 B = Non-inter-level travel time spent in this place.
 C = Inter-level travel time spent in this place.
 D = Time resting spent in this place.
 E = Time spent auto-exploring this place.
 F = Levels seen in this place.
 G = Mean time per level.
                   A        B        C        D        E       F      G
               +--------+--------+--------+--------+--------+-----+--------+
         Total |   5214 |   5016 |    198 |    196 |   3676 |   6 |  869.0 |
       Dungeon |   5214 |   5016 |    198 |    196 |   3676 |   6 |  869.0 |
               +--------+--------+--------+--------+--------+-----+--------+

Top non-repeatable levels by time:
     D:1: 1220 daAuts
     D:2: 1154 daAuts
     D:5: 903 daAuts
     D:3: 821 daAuts
     D:4: 593 daAuts
     D:6: 520 daAuts
